 Dungeon Crawl Stone Soup version 0.17.0-28-g6e173f8 (webtiles) character file.

79 coffecat the Grave Robber (level 4, 0/30 HPs)
             Began as a Vampire Necromancer on Nov 26, 2015.
             Slain by ConnectionFaild's ghost (1 damage)
             ... on level 3 of the Dungeon.
             The game lasted 00:13:35 (1786 turns).

coffecat the Grave Robber (Vampire Necromancer)     Turns: 1786, Time: 00:13:36

Health: 0/30       AC:  2    Str:  7    XL:     4   Next: 17%
Magic:  1/7        EV: 13    Int: 18    God:
Gold:   22         SH:  0    Dex: 19    Spells: 3 memorised, 0 levels left

rFire  . . .     SeeInvis +     f - +0 mace
rCold  . . .     Clarity  .     j - +0 robe
rNeg   + . .     SustAt   .     (no shield)
rPois  .         Gourm    .     (no helmet)
rElec  .         Spirit   .     (no cloak)
rCorr  .         Warding  .     (no gloves)
rMut   .         Stasis   .     (no boots)
MR     .....                    (no amulet)
Stlth  +++.......               (no ring)
                                l - +5 ring of dexterity

@: regenerating (expiring), not resistant to hostile enchantments, fairly
stealthy
A: fangs 3, see invisible, unbreathing
a: Bat Form


You were on level 3 of the Dungeon.
You were not thirsty.

You visited 1 branch of the dungeon, and saw 3 of its levels.

You collected 22 gold pieces.

Inventory:

Hand Weapons
 f - a +0 mace (weapon)
Armour
 a - a +0 robe
 j - a +0 robe (worn)
Jewellery
 e - an uncursed amulet of the gourmand {unknown}
 g - an uncursed ring of ice {unknown}
 l - a +5 ring of dexterity (left hand)
Wands
 i - a wand of fireball (9)
Scrolls
 m - a scroll of random uselessness {unknown}
Potions
 c - 5 potions of blood
 h - a potion of curing {unknown}
 k - a potion of agility {unknown}
Books
 b - a book of Necromancy

   Spells                             Type                      Level
   a - Pain                           Necromancy                   1
   b - Animate Skeleton               Necromancy                   1
   c - Vampiric Draining              Necromancy                   3
   d - Regeneration                   Charms/Necromancy            3
   e - Animate Dead                   Necromancy                   4
   f - Control Undead                 Necromancy                   4
Comestibles
 d - a slice of pizza
 n - a meat ration


   Skills:
 + Level 0.1 Fighting
 + Level 2.4 Dodging
 + Level 3.2 Stealth
 + Level 2.6 Spellcasting
 + Level 5.6 Necromancy


You couldn't memorise any spells.
You knew the following spells:

 Your Spells              Type           Power        Failure   Level  Hunger
a - Pain                  Necr           ###.         1%          1    #......
b - Regeneration          Chrm/Necr      ##........   21%         3    ###....
c - Animate Dead          Necr           N/A          21%         4    #####..


Dungeon Overview and Level Annotations

Branches:
Dungeon (3/15)

Altars:
Elyvilon

Annotations:
D:2 Natasha
D:3 ConnectionFaild's ghost, novice DsAK


Innate Abilities, Weirdness & Mutations

You have razor-sharp teeth.
You have supernaturally acute eyesight.
You can survive without breathing.


Message History

ConnectionFaild's ghost hits you.
* * * LOW HITPOINT WARNING * * *
x2 The orc barely misses you.
The orc wizard hits you with a dagger.
* * * LOW HITPOINT WARNING * * *
Your skin is crawling a little less now.
You hit the orc but do no damage.
The orc wizard looks braver for a moment.
The orc barely misses you. The orc wizard completely misses you.
The orc wizard hits you with a dagger.
* * * LOW HITPOINT WARNING * * *
You barely miss the orc wizard. The orc wizard hits you with a dagger.
* * * LOW HITPOINT WARNING * * *
The orc hits you with a short sword.
* * * LOW HITPOINT WARNING * * *
ConnectionFaild's ghost misses you. The orc wizard misses you.
The orc hits you with a short sword.
* * * LOW HITPOINT WARNING * * *
ConnectionFaild's ghost hits you.
* * * LOW HITPOINT WARNING * * *
You die...

###############
#.............#
##.............###
..................
...............##
........W.$.....#
.......@o.......#
........o.......#
....##...##.....#
... #...##.....# .
#...##.....#
#...##.....#
.#..?##.....#
............#
##.....#....#


You could see an orc wizard (invisible), ConnectionFaild's ghost and an orc.

Vanquished Creatures
  Jessica (D:1)
  4 adders (D:2)
  A giant gecko (D:2)
  An orc (D:3)
  2 giant cockroaches
  A hobgoblin (D:2)
  2 bats
  2 giant newts (D:2)
  5 goblins
  4 kobolds (D:2)
  3 rats
26 creatures vanquished.

Vanquished Creatures (collateral kills)
  A quokka (D:2)
1 creature vanquished.

Vanquished Creatures (others)
  A quokka (D:2)
1 creature vanquished.

Grand Total: 28 creatures vanquished

Notes
Turn   | Place    | Note
--------------------------------------------------------------
     0 | D:1      | coffecat the Vampire Necromancer began the quest for the Orb.
     0 | D:1      | Reached XP level 1. HP: 13/13 MP: 3/3
   425 | D:2      | Noticed Jessica
   433 | D:1      | Killed Jessica
   433 | D:1      | Reached skill level 5 in Necromancy
   433 | D:1      | Reached XP level 2. HP: 8/19 MP: 0/5
   624 | D:2      | Reached XP level 3. HP: 17/24 MP: 3/6
  1159 | D:2      | Found a white marble altar of Elyvilon.
  1330 | D:2      | Reached XP level 4. HP: 16/30 MP: 1/7
  1494 | D:2      | Learned a level 3 spell: Regeneration
  1499 | D:2      | Learned a level 4 spell: Animate Dead
  1547 | D:2      | Noticed Natasha
  1748 | D:3      | Noticed ConnectionFaild's ghost (novice DsAK)
  1786 | D:3      | HP: 1/30 [ConnectionFaild's ghost (2)]
  1786 | D:3      | Slain by ConnectionFaild's ghost

Action                   |  1- 3 |  4- 6 || total
-------------------------+-------+-------++-------
Melee: Mace              |    34 |    15 ||    49
 Cast: Pain              |    33 |     8 ||    41
       Regeneration      |       |     3 ||     3
       Animate Dead      |       |     1 ||     1
  Use: Potion            |     1 |     2 ||     3
